 Dungeon Crawl Stone Soup version 0.31-a0-984-gbfb7dba898 (webtiles) character file.

Game seed: 8810926773174269381

191 Nedwor the Cutter (level 5, 0/41 HPs)
             Began as a Demonspawn Gladiator on Nov 3, 2023.
             Slain by a gnoll
             ... wielding a +0 spear
              (3 damage)
             ... on level 3 of the Dungeon.
             The game lasted 00:04:08 (3129 turns).

Nedwor the Cutter (Demonspawn Gladiator)            Turns: 3129, Time: 00:04:10

Health: 0/41       AC:  4    Str: 14    XL:     5   Next: 41%
Magic:  5/5        EV: 13    Int: 11    God:
Gold:   182        SH:  0    Dex: 17    Spells: 4/4 levels left

rFire   . . .        u - +2 dagger (speed)
rCold   . . .        (no shield)
rNeg    . . .        b - +0 leather armour
rPois   .            c - +0 helmet
rElec   .            (no cloak)
rCorr   .            (no gloves)
SInv    +            (no boots)
Will    .....        (no amulet)
Stlth   +            h - ring of see invisible
HPRegen 0.26/turn    (no ring)
MPRegen 0.09/turn

%: no passive effects
@: no status effects
A: demonic guardian 1, big brain 1
a: no special abilities


You were on level 3 of the Dungeon.
You visited 1 branch of the dungeon, and saw 3 of its levels.

You collected 182 gold pieces.

Inventory:

Hand Weapons
 a - a +0 rapier
 u - a +2 dagger of speed (weapon)
Missiles
 d - 3 throwing nets (quivered)
 e - a javelin
Armour
 b - a +0 leather armour (worn)
 c - a +0 helmet (worn)
Jewellery
 h - a ring of see invisible (left hand)
Scrolls
 g - a scroll of revelation
 i - a scroll of identify
 k - a scroll of summoning {unknown}
 l - a scroll of amnesia
Potions
 f - a potion of lignification
 j - 2 potions of enlightenment
 p - 2 potions of heal wounds
 q - 3 potions of resistance
 r - a potion of invisibility
 t - a potion of cancellation


   Skills:
 + Level 3.1 Fighting
 * Level 4.4 Short Blades
 - Level 1.7 Throwing
 + Level 3.6 Dodging


You had 4 spell levels left.
You didn't know any spells.
Your spell library contained the following spells:

 Spells                   Type           Power      Damage    Failure   Level
 Inner Flame              Hex/Fire       0%         N/A       80%         3
 Flame Wave               Conj/Fire      0%         2d4       99%         4
 Sticky Flame             Conj/Fire      0%         2d3       99%         4


Dungeon Overview and Level Annotations

Branches:
Dungeon (3/15)

Altars:
Fedhas


Innate Abilities, Weirdness & Mutations

A weak demonic guardian rushes to your aid.
You have an unusually large brain. (Int +2)


Message History

The gnoll hits you from afar with a +0 spear.
* * * LOW HITPOINT WARNING * * *
Your quasit bites the hobgoblin.
Your quasit claws the hobgoblin but does no damage. x2
Your quasit completely misses the hobgoblin.
Your quasit closely misses the hobgoblin. x2
Your quasit bites the hobgoblin but does no damage.
Your quasit claws the hobgoblin. x2
A hobgoblin comes into view. It is wielding a +0 club.
Your quasit barely misses the hobgoblin.
Your quasit closely misses the hobgoblin.
Your quasit claws the hobgoblin.
The gnoll closely misses your quasit.
The goblin completely misses your quasit.
The hobgoblin shouts!
You hear a shout!
A hobgoblin comes into view.
A hobgoblin comes into view. It is wielding a +0 club.
Your quasit bites the hobgoblin.
The hobgoblin dies!
Your quasit bites the hobgoblin but does no damage.
Your quasit claws the hobgoblin but does no damage.
Your quasit claws the hobgoblin.
The goblin hits your quasit but does no damage.
The gnoll misses your quasit.
Your quasit bites the hobgoblin but does no damage.
Your quasit claws the hobgoblin. x2
The hobgoblin closely misses your quasit.
The goblin completely misses your quasit.
The gnoll barely misses your quasit.
Your quasit misses the hobgoblin.
Your quasit claws the hobgoblin.
The hobgoblin dies!
The goblin completely misses your quasit.
The gnoll misses your quasit.
Your quasit bites the goblin.
Your quasit claws the goblin.
The goblin dies!
Your quasit misses the gnoll.
Your quasit claws the gnoll but does no damage.
Your quasit closely misses the gnoll.
The gnoll hits you from afar with a +0 spear.
You die...

**************************
********~~~~~~~~~~~~~~~~~~~~~~~~~
*~~~~~~~~~~~~~~~~~~~~~~~~~~~~~~~~
~~*****~~~~~~~~~~~~~~~~~~~~~~~~~~
~~*,,,###########################
~~*,,,#.......g.@.)..#)......#...
~~*,,,#.........)5g..))......#...
~~**+*#....g......)..#########...
~~~*,,....########..........#....
~~~*,,.g.,* #..........'....
≈≈≈*,,.,,,*******#..........#....
≈≈#*+**,,,,,,,.......#########[.)
≈≈#,,,*,,,,,,,.......+,,,,,,,#..)
≈≈#,,,*,,,,,,........#,,,,,,,#...


You could see a gnoll (ally target), 2 hobgoblins and a friendly quasit
(summoned).

Vanquished Creatures
  A gnoll (D:3)
  5 adders
  A dart slug (D:3)
  An orc (D:3)
  9 ball pythons
  7 bats
  7 endoplasms
  21 goblins
  16 hobgoblins
  4 jackals (D:2)
  A quokka (D:1)
  3 frilled lizards (D:1)
  7 kobolds
  6 rats
89 creatures vanquished.

Vanquished Creatures (collateral kills)
  2 gnolls (D:3)
  5 goblins (D:3)
  5 hobgoblins (D:3)
  2 kobolds (D:3)
14 creatures vanquished.

Grand Total: 103 creatures vanquished

Notes
Turn   | Place    | Note
-------+----------+-------------------------------------------
     0 | D:1      | Nedwor the Demonspawn Gladiator began the quest for the
                  | Orb.
     0 | D:1      | Reached XP level 1. HP: 16/16 MP: 1/1
   183 | D:1      | Reached skill level 3 in Short Blades
   190 | D:1      | Gained mutation: You have an unusually large brain. (Int
                  | +2) [demonic ancestry]
   190 | D:1      | Reached XP level 2. HP: 22/22 MP: 2/2
   825 | D:2      | Reached XP level 3. HP: 28/28 MP: 3/3
  1613 | D:3      | Gained mutation: A weak demonic guardian rushes to your
                  | aid. [demonic ancestry]
  1613 | D:3      | Reached XP level 4. HP: 26/34 MP: 4/4
  2310 | D:3      | Reached skill level 4 in Short Blades
  2662 | D:3      | Reached XP level 5. HP: 32/41 MP: 5/5
  2862 | D:3      | Found a blossoming altar of Fedhas.
  2997 | D:3      | Identified the +4 steam dragon scales of Wufad {rF+ rC+
                  | Int+3 Dex+4}
  3118 | D:3      | HP: 1/41 [gnoll/+0 spear (4)]
  3129 | D:3      | Slain by a gnoll

Illustrated notes

Levels and vault maps discovered:
D:1:      lightli_arrival_flooded_house, layout_rooms, grunt_decor_junction,
          hangedman_decor_growths
D:2:      layout_basic, grunt_ministairs_7, serial_park_tiny_2
D:3:      minmay_goblin_kobold_castle, layout_loops_cross,
          mainiacjoe_overflow_boulevard, fedhas_altar_3

Skill      XL: |  1  2  3  4 |
---------------+-------------+-----
Short Blades   | 3 4 |  4.4
Dodging        | 3 |  3.6
Fighting       | 3 |  3.1
Throwing       | |  1.7

Action                     |  1- 3 |  4- 6 || total
---------------------------+-------+-------++-------
  Melee: Rapier            |   146 |   105 ||   251
         Punch             |     2 |       ||     2
         Dagger            |       |    42 ||    42
    Use: Scroll            |       |    13 ||    13
   Stab: Sleeping          |     1 |       ||     1
 Armour: Leather armour    |   113 |   102 ||   215
  Dodge: Dodged            |   116 |   116 ||   232

Table legend: (Time is in decaauts)
 A = Elapsed time spent in this place.
 B = Non-inter-level travel time spent in this place.
 C = Inter-level travel time spent in this place.
 D = Time resting spent in this place.
 E = Time spent auto-exploring this place.
 F = Levels seen in this place.
 G = Mean time per level.
                   A        B        C        D        E       F      G
               +--------+--------+--------+--------+--------+-----+--------+
         Total |   3117 |   3048 |     69 |    592 |   1830 |   3 | 1039.0 |
       Dungeon |   3117 |   3048 |     69 |    592 |   1830 |   3 | 1039.0 |
               +--------+--------+--------+--------+--------+-----+--------+

Top non-repeatable levels by time:
     D:3: 1566 daAuts
     D:2: 952 daAuts
     D:1: 598 daAuts
